 Dungeon Crawl Stone Soup version 0.32-a0-433-g08bcfe7efd (webtiles) character file.

Game seed: 15688881952398219147

12726 cforsyth the Fighter (level 11, -2/93 HPs)
             Began as a Coglin Gladiator on Feb 23, 2024.
             Was a High Priest of Wu Jian.
             Slain by a boulder beetle (18 damage)
             ... on level 11 of the Dungeon.
             The game lasted 00:20:15 (9935 turns).

cforsyth the Fighter (Coglin Gladiator)             Turns: 9935, Time: 00:20:16

Health: -2/93      AC: 23    Str: 14    XL:     11   Next: 97%
Magic:  11/11      EV:  8    Int:  9    God:    Wu Jian [*****.]
Gold:   686        SH:  0    Dex: 21    Spells: 10/10 levels left

rFire   + . .        a - +4 long sword {Yawen}
rCold   . . .        B - +1 falchion (flame) {Juwon}
rNeg    . . .        x - +0 chain mail
rPois   +            K - +2 helmet
rElec   .            w - +0 cloak
rCorr   .            q - +2 pair of gloves
SInv    .            G - +2 pair of boots "Damnable Contraption" {+Inv rF+ Dex-4}
Will    .....        p - amulet of regeneration Stlth
                     D - +6 ring of dexterity
HPRegen 1.15/turn    P - ring of poison resistance
MPRegen 0.12/turn

%: no passive effects
@: immotile, revved
A: off-hand wielding, slow wielding, warmup strikes, legs shutdown
a: Renounce Religion, Evoke Invisibility, Wall Jump, Serpent's Lash, Heavenly
Storm


You were on level 11 of the Dungeon.
You worshipped Wu Jian.
Wu Jian was extremely pleased with you.
You visited 2 branches of the dungeon, and saw 12 of its levels.
You also visited: Sewer.

You collected 686 gold pieces.


Innate Abilities, Weirdness & Mutations

You can wield a second weapon in your off-hand.
It takes a long time for you to wield or remove held weapons.
Your first few attacks do less damage.
Attacking and casting redirects power from your legs.


   Skills:
 + Level 11.3 Fighting
 + Level 11.3 Long Blades
 - Level 1.7 Throwing
 + Level 10.0 Armour
 - Level 2.6 Dodging


You had 10 spell levels left.
You didn't know any spells.
Your spell library contained the following spells:

 Spells                   Type           Power      Damage    Failure   Level
 Magic Dart               Conj           0%         1d3       99%         1
 Blink                    Tloc           0%         N/A       99%         2
 Call Imp                 Summ           0%         N/A       99%         2
 Ensorcelled Hibernation  Hex/Ice        0%         N/A       99%         2
 Lesser Beckoning         Tloc           0%         N/A       99%         2
 Momentum Strike          Conj/Tloc      0%         3d8       99%         2
 Scorch                   Fire           0%         2d5       99%         2
 Passwall                 Erth           0%         N/A       100%        3
 Stone Arrow              Conj/Erth      0%         3d7       100%        3
 Swiftness                Air            0%         N/A       100%        3
 Animate Armour           Summ/Erth      0%         N/A       100%        4
 Flame Wave               Conj/Fire      0%         2d4       100%        4
 Summon Cactus Giant      Summ           0%         N/A       100%        6
 Lehudib's Crystal Spear  Conj/Erth      0%         10d2      100%        8

Inventory:

Hand Weapons
 a - a +4 long sword (weapon) {Yawen}
 B - a +1 falchion of flaming (offhand) {Juwon}
Missiles
 e - 4 javelins
 R - 5 throwing nets (quivered) {=f}
Armour
 q - a +2 pair of gloves (worn)
 w - a +0 cloak (worn)
 x - a +0 chain mail (worn)
 G - the +2 pair of boots "Damnable Contraption" (worn) {+Inv rF+ Dex-4}
   (You found it on level 5 of the Dungeon)

   Dex-4:     It affects your dexterity (-4).
   rF+:       It protects you from fire.
   +Inv:      It lets you turn invisible.
 K - a +2 helmet (worn)
Jewellery
 c - a ring of protection from cold
 d - a +6 ring of dexterity
 p - an amulet of regeneration (around neck)
 C - a ring of ice
 D - a +6 ring of dexterity (left grasper)
 E - a +5 ring of evasion
 P - a ring of poison resistance (right grasper)
Wands
 g - a wand of flame (24)
 A - a wand of polymorph (10)
 Q - a wand of charming (4)
Scrolls
 f - 2 scrolls of blinking {unknown}
 h - 2 scrolls of teleportation {@r2}
 i - a scroll of butterflies {unknown}
 k - 2 scrolls of revelation
 l - a scroll of fear
 n - 3 scrolls of torment
 o - a scroll of vulnerability
 s - a scroll of identify {@r1}
 y - a scroll of silence {unknown}
 F - 2 scrolls of enchant armour
 I - 2 scrolls of noise {unknown}
 J - 2 scrolls of amnesia {unknown}
 M - a scroll of fog {unknown}
 N - a scroll of immolation {unknown}
 S - a scroll of brand weapon {unknown}
Potions
 b - 2 potions of might
 j - 7 potions of brilliance
 m - 2 potions of curing {@q1}
 r - 5 potions of haste {@q3}
 u - 2 potions of lignification
 v - 4 potions of heal wounds {@q2}
 z - a potion of degeneration
 H - 2 potions of enlightenment
 L - 2 potions of invisibility
 O - a potion of mutation {unknown}
Miscellaneous
 t - a condenser vane

Dungeon Overview and Level Annotations

Branches:
Dungeon (11/15)            Temple (1/1) D:4            Lair (0/5) D:8
    Orc (0/2) D:9           Sewer (visited)

Altars:
Ashenzari
Cheibriados
Dithmenos
Elyvilon
Fedhas
Gozag
Hepliaklqana
Kikubaaqudgha
Makhleb
Nemelex Xobeh
Okawaru
Qazlal
Ru
Sif Muna
Trog
Uskayaw
Vehumet
Wu Jian
Xom
Yredelemnul
Zin
The Shining One

......# ......#
################+#####
..#....#....#........#
..'....#....#........#
..#....#....# .......#
..#....#....# ......#
..########..####B....#
.........#.....#@....#
.........#.....#.....#
.........#..:..#.....#
.........'.....'.....#
.........#.....#.....#
.........#.....#.....#
.........#.....#.....#
.........#.....#.....#
######################


You could see a boulder beetle.


Message History

You burn the boulder beetle.
The boulder beetle is heavily wounded.
You slash the boulder beetle with your +4 long sword!
The boulder beetle bites you!
* * * LOW HITPOINT WARNING * * *
You hit the boulder beetle but do no damage.
The boulder beetle is heavily wounded.
You hit the boulder beetle but do no damage.
You hit the boulder beetle but do no damage.
The boulder beetle is heavily wounded.
You hit the boulder beetle with your +1 falchion of flaming.
You burn the boulder beetle. The boulder beetle bites you.
* * * LOW HITPOINT WARNING * * *
You hit the boulder beetle but do no damage.
The boulder beetle is severely wounded.
You hit the boulder beetle with your +4 long sword.
The boulder beetle bites you but does no damage.
You hit the boulder beetle with your +4 long sword.
The boulder beetle is severely wounded.
You hit the boulder beetle but do no damage.
The boulder beetle bites you!
* * * LOW HITPOINT WARNING * * *
You hit the boulder beetle but do no damage.
The boulder beetle is severely wounded.
You hit the boulder beetle but do no damage.
You slash the boulder beetle with your +4 long sword!
The boulder beetle is almost dead.
You slash the boulder beetle with your +1 falchion of flaming!
You burn the boulder beetle. The boulder beetle bites you!!
You die...

Skill      XL: |  1  2  3  4  5  6  7  8  9 10 11 |
---------------+----------------------------------+-----
Armour         | 1 2 3 4 5 7 8 10 | 10.0
Fighting       | 3 4 5 6 8 9 11 | 11.3
Long Blades    | 4 5 7 8 9 11 | 11.3
Throwing       | |  1.7
Dodging        | |  2.6

Action                     |  1- 3 |  4- 6 |  7- 9 | 10-12 || total
---------------------------+-------+-------+-------+-------++-------
  Melee: Long sword        |   105 |   133 |   231 |   401 ||   870
         Dagger            |       |   111 |   138 |       ||   249
         Falchion          |       |       |    81 |   405 ||   486
Ability: Lunge             |       |       |    20 |    23 ||    43
         Whirlwind         |       |       |     2 |    43 ||    45
    Use: Scroll            |       |     7 |     5 |     4 ||    16
         Potion            |       |       |     3 |       ||     3
   Stab: Sleeping          |       |     2 |       |       ||     2
         Distracted        |       |       |     1 |       ||     1
 Armour: Leather armour    |    72 |    42 |       |       ||   114
         Chain mail        |       |    58 |   243 |   311 ||   612
  Dodge: Dodged            |    82 |    77 |    87 |   124 ||   370

Levels and vault maps discovered:
D:1:      saegor_arrival_fortress, layout_basic
D:2:      layout_basic, shapermc_ecumenical_altar_totnotflames
D:3:      cheibrodos_greedy_goblins, layout_loops_ring, minmay_circle_x,
          uniq_terence, uniq_crazy_yiuf_cottage
D:4:      layout_cave_pods, minmay_temple_entry_large_hall,
          gup_sewer_entry_bubbles, serial_column_ruins,
          column_ruins_temple_circle, column_ruins_circle_small,
          column_ruins_columns_straight, column_ruins_columns_straight,
          column_ruins_open_tiny, column_ruins_columns_straight
D:5:      layout_basic, nicolae_overflow_guarded_unrand_okawaru_victory,
          lemuel_zombie_altar_yredelemnul, uniq_duvessa, uniq_prince_ribbit1,
          uniq_grinder
D:6:      layout_basic, nicolae_overflow_crystal_walls, xom_butterflies,
          mainiacjoe_overflow_six_doors_small, grunt_dithmenos_smoke_and_mirrors
D:7:      kennysheep_windowed_halls, layout_cave_pools
D:8:      layout_gridville, old_standard_altar, grunt_lair_entry_orc_guard_hut,
          kennysheep_generic_room_3
D:9:      layout_basic, zombieorc2_lemuel
D:10:     layout_basic, demons_altar, hangedman_incinerator
D:11:     layout_grid_maze, small_statue_intersection, kennysheep_boxes
Temple:   zaba_magenta_temple

Notes
Turn   | Place    | Note
-------+----------+-------------------------------------------
     0 | D:1      | cforsyth the Coglin Gladiator began the quest for the Orb.
     0 | D:1      | Reached XP level 1. HP: 16/16 MP: 1/1
   385 | D:1      | Reached XP level 2. HP: 20/22 MP: 2/2
   574 | D:1      | Reached skill level 1 in Armour
   881 | D:2      | You fall into a shaft and drop 1 floor!
   941 | D:2      | Reached XP level 3. HP: 28/28 MP: 3/3
  1080 | D:2      | Found a faded altar of an unknown god.
  1634 | D:3      | Reached XP level 4. HP: 28/34 MP: 4/4
  1640 | D:3      | Reached skill level 3 in Fighting
  1863 | D:3      | Identified the +3 spear "Qahias" {freeze, *Slow rPois Str+4
                  | Dex+2}
  2174 | D:3      | Reached skill level 2 in Armour
  2215 | D:3      | Noticed Terence
  2225 | D:3      | Killed Terence
  2226 | D:3      | Reached XP level 5. HP: 41/41 MP: 5/5
  2240 | D:3      | Reached skill level 4 in Long Blades
  2250 | D:3      | Found a runed translucent door.
  2251 | D:3      | Noticed Crazy Yiuf
  2385 | D:3      | Killed Crazy Yiuf
  2569 | D:4      | Found a glowing drain.
  2584 | Sewer    | Entered a sewer
  2612 | Sewer    | Noticed Pargi
  2621 | Sewer    | Killed Pargi
  2622 | Sewer    | Reached skill level 4 in Fighting
  2622 | Sewer    | Reached XP level 6. HP: 48/48 MP: 6/6
  2642 | Sewer    | Reached skill level 3 in Armour
  2757 | D:4      | Found a staircase to the Ecumenical Temple.
  2953 | D:4      | Reached XP level 7. HP: 27/55 MP: 7/7
  3115 | D:4      | Reached skill level 5 in Long Blades
  3166 | D:4      | Found a faded altar of an unknown god.
  3484 | D:5      | Entered Level 5 of the Dungeon
  3496 | D:5      | Noticed Dowan
  3498 | D:5      | Noticed Duvessa
  3534 | Temple   | Entered the Ecumenical Temple
  3547 | Temple   | Became a worshipper of the Wu Jian Council
  3612 | D:5      | Noticed Prince Ribbit
  3621 | D:5      | Killed Prince Ribbit
  3622 | D:5      | Reached skill level 5 in Fighting
  3622 | D:5      | Reached skill level 4 in Armour
  3718 | D:5      | Killed Duvessa
  3719 | D:5      | Reached XP level 8. HP: 62/63 MP: 8/8
  3826 | D:5      | Killed Dowan
  3966 | D:5      | Reached skill level 6 in Long Blades
  4065 | D:5      | Noticed Grinder
  4076 | D:5      | Killed Grinder
  4077 | D:5      | Reached skill level 6 in Fighting
  4090 | D:5      | Found an iron altar of Okawaru.
  4090 | D:5      | Found a runed translucent door.
  4095 | D:5      | Found the +0 toga "Victory" {*Victory Clar}
  4171 | D:5      | Reached skill level 5 in Armour
  4171 | D:5      | Found a basalt altar of Yredelemnul.
  4423 | D:5      | Reached * piety under Wu Jian
  4519 | D:5      | Identified the +2 pair of boots "Damnable Contraption"
                  | {+Inv rF+ Dex-4}
  4688 | D:5      | Reached skill level 7 in Long Blades
  4688 | D:5      | Reached XP level 9. HP: 71/71 MP: 9/9
  5194 | D:6      | Reached skill level 7 in Fighting
  5277 | D:6      | Reached skill level 6 in Armour
  5352 | D:6      | Found a stormy altar of Qazlal.
  5421 | D:6      | Found a shimmering altar of Xom.
  5474 | D:6      | Found a blossoming altar of Fedhas.
  5527 | D:6      | Found a shadowy altar of Dithmenos.
  6051 | D:7      | Reached ** piety under Wu Jian
  6069 | D:7      | Noticed a manticore
  6069 | D:7      | Noticed a gargoyle
  6076 | D:7      | Killed a manticore
  6077 | D:7      | Reached skill level 8 in Fighting
  6077 | D:7      | Reached skill level 8 in Long Blades
  6079 | D:7      | HP: 2/74 [gargoyle/+0 morningstar (18)]
  6086 | D:7      | Killed a gargoyle
  6087 | D:7      | Reached skill level 7 in Armour
  6205 | D:7      | Reached XP level 10. HP: 81/81 MP: 10/10
  6746 | D:8      | Reached skill level 9 in Long Blades
  6752 | D:8      | Noticed a two-headed ogre
  6759 | D:8      | Reached *** piety under Wu Jian
  6762 | D:8      | Killed a two-headed ogre
  6763 | D:8      | Reached skill level 9 in Fighting
  6764 | D:8      | Reached skill level 8 in Armour
  6818 | D:8      | Found a shimmering blue altar of Sif Muna.
  6908 | D:8      | Found a staircase to the Lair.
  6908 | D:8      | Noticed an elephant
  6912 | D:8      | Killed an elephant
  7621 | D:9      | Reached XP level 11. HP: 90/90 MP: 11/11
  7638 | D:9      | Reached skill level 10 in Long Blades
  7648 | D:9      | Reached **** piety under Wu Jian
  7676 | D:9      | Found a staircase to the Orcish Mines.
  7782 | D:9      | Reached skill level 10 in Fighting
  8031 | D:9      | Reached skill level 9 in Armour
  8395 | D:10     | Entered Level 10 of the Dungeon
  8554 | D:10     | Found a burning altar of Makhleb.
  9283 | D:11     | Reached ***** piety under Wu Jian
  9289 | D:11     | Reached skill level 11 in Long Blades
  9293 | D:11     | Reached skill level 11 in Fighting
  9773 | D:11     | Identified the storm talisman "Meavanio" {Slay+5}
  9872 | D:11     | Reached skill level 10 in Armour
  9912 | D:11     | Noticed a boulder beetle
  9935 | D:11     | Slain by a boulder beetle

Vanquished Creatures
  A two-headed ogre (D:8)
  A manticore (D:7)
  An elephant (D:8)
  2 gargoyles
  A rust devil (D:10)
  2 komodo dragons (D:11)
  5 trolls
  A hornet (D:10)
  Prince Ribbit (D:5)
  Grinder (D:5)
  A shadow (D:11)
  12 yaks
  A fire elemental (D:10)
  A steam dragon (D:8)
  A basilisk (D:10)
  4 fire bats (D:10)
  A wyvern (D:8)
  A two-headed ogre zombie (D:9)
  An acid dragon (D:8)
  A hell hound (D:10)
  Duvessa (D:5)
  A sky beast (D:8)
  2 water moccasins
  Pargi (Sewer)
  An orc warrior (D:9)
  2 ice beasts (D:7)
  2 black bears
  2 ogres (D:5)
  3 phantoms
  7 bullfrogs
  3 kobold brigands
  2 scorpions
  A brain worm (Sewer)
  9 wights
  Dowan (D:5)
  8 killer bees
  4 howler monkeys
  2 bullfrog zombies (D:5)
  9 lava snakes
  3 hounds (D:5)
  5 jellies
  9 orc priests
  2 bombardier beetles
  3 gnoll boudas
  Crazy Yiuf (D:3)
  4 iguanas
  6 orc wizards
  Terence (D:3)
  7 ogre zombies (D:9)
  19 gnolls
  10 adders
  A river rat (D:4)
  3 shadow imps
  2 white imps
  An ufetubus (D:7)
  3 ribbon worms
  2 dart slugs
  19 orcs
  11 ball pythons
  11 bats
  5 endoplasms
  4 giant cockroaches
  A gnoll zombie (D:9)
  8 hobgoblins
  3 jackals (D:1)
  5 quokkas
  7 frilled lizards
  3 gnoll skeletons (D:9)
  10 goblins
  17 kobolds
  7 orc skeletons (D:9)
  14 orc zombies (D:9)
  3 rats
  2 butterflies (D:6)
313 creatures vanquished.

Vanquished Creatures (others)
  2 kobolds (D:8)
2 creatures vanquished.

Grand Total: 315 creatures vanquished

Table legend: (Time is in decaauts)
 A = Elapsed time spent in this place.
 B = Non-inter-level travel time spent in this place.
 C = Inter-level travel time spent in this place.
 D = Time resting spent in this place.
 E = Time spent auto-exploring this place.
 F = Levels seen in this place.
 G = Mean time per level.
                   A        B        C        D        E       F      G
               +--------+--------+--------+--------+--------+-----+--------+
         Total |   9952 |   9663 |    289 |    156 |   7314 |  13 |  765.5 |
       Dungeon |   9750 |   9461 |    289 |    154 |   7249 |  11 |  886.4 |
        Temple |     26 |     26 |      0 |      0 |      0 |   1 |   26.0 |
         Sewer |    174 |    174 |      0 |      2 |     65 |   1 |  174.0 |
               +--------+--------+--------+--------+--------+-----+--------+

Top non-repeatable levels by time:
     D:5: 1469 daAuts
     D:4: 1062 daAuts
     D:3: 918 daAuts
     D:8: 889 daAuts
     D:1: 849 daAuts
     D:9: 839 daAuts
     D:7: 805 daAuts
    D:10: 772 daAuts
    D:11: 733 daAuts
     D:2: 728 daAuts
     D:6: 681 daAuts
   Sewer: 174 daAuts
  Temple: 26 daAuts

Table legend:
 A = Non-vault XP
 B = Vault XP
 C = Vault XP percentage of total XP
 D = Non-vault monster count
 E = Vault monster count
 F = Vault count percentage of total count
                 A         B        C        D         E       F
            +---------+---------+-------+---------+---------+-------
      Total |   11371 |    6809 |  37.5 |     188 |     123 |  39.5
            +---------+---------+-------+---------+---------+-------
        D:1 |      26 |       0 |   0.0 |      14 |       0 |   0.0
        D:2 |      42 |       0 |   0.0 |      11 |       0 |   0.0
        D:3 |      48 |     103 |  68.2 |      19 |      17 |  47.2
        D:4 |     148 |      37 |  20.0 |       9 |       6 |  40.0
        D:5 |     935 |     968 |  50.9 |      26 |      15 |  36.6
        D:6 |     496 |       0 |   0.0 |      20 |       0 |   0.0
        D:7 |     917 |    1795 |  66.2 |      11 |      20 |  64.5
        D:8 |    1646 |    1377 |  45.6 |      23 |       8 |  25.8
        D:9 |    1930 |     620 |  24.3 |      27 |      36 |  57.1
       D:10 |    1805 |    1665 |  48.0 |       8 |       9 |  52.9
       D:11 |    3378 |       0 |   0.0 |      20 |       0 |   0.0
      Sewer |       0 |     244 | 100.0 |       0 |      12 | 100.0
            +---------+---------+-------+---------+---------+-------
